 Dungeon Crawl Stone Soup version 0.32-a0-473-gd044c6f0f0 (webtiles) character file.

Game seed: 3746523911855725089

4 Asceticacid the Cudgeller (level 1, -4/16 HPs)
             Began as a Coglin Gladiator on Feb 26, 2024.
             Frozen to death by an endoplasm (5 damage)
             ... on level 2 of the Dungeon.
             The game lasted 00:00:19 (131 turns).

Asceticacid the Cudgeller (Coglin Gladiator)         Turns: 131, Time: 00:00:19

Health: -4/16      AC:  9    Str: 14    XL:     1   Next: 70%
Magic:  1/1        EV:  7    Int:  7    God:
Gold:   0          SH:  0    Dex: 15    Spells: 0/0 levels left

rFire   . . .        a - +0 flail {Arashi}
rCold   . . .        (no shield)
rNeg    . . .        h - +0 chain mail
rPois   .            c - +0 helmet
rElec   .            (no cloak)
rCorr   .            (no gloves)
SInv    .            (no boots)
Will    .....        (no amulet) Stlth
                     (ring unavailable)
HPRegen 0.22/turn    (ring unavailable)
MPRegen 0.07/turn

%: no passive effects
@: revved
A: off-hand wielding, slow wielding, warmup strikes, no rings
a: no special abilities


You were on level 2 of the Dungeon.
You visited 1 branch of the dungeon, and saw 2 of its levels.

Inventory:

Hand Weapons
 a - a +0 flail (weapon) {Arashi}
Missiles
 d - 3 throwing nets (quivered)
 e - a javelin
Armour
 c - a +0 helmet (worn)
 h - a +0 chain mail (worn)
Scrolls
 f - a scroll of identify {unknown}
Potions
 g - a potion of magic {unknown}


   Skills:
 + Level 2.0 Fighting
 + Level 2.8 Maces & Flails
 + Level 1.9 Throwing
 + Level 2.7 Dodging


You couldn't memorise any spells.
You didn't know any spells.
Your spell library was empty.

Dungeon Overview and Level Annotations

Branches:
Dungeon (1/15)

Altars:


Innate Abilities, Weirdness & Mutations

You can wield a second weapon in your off-hand.
It takes a long time for you to wield or remove held weapons.
Your first few attacks do less damage.
Your grasper-arms cannot wear rings.


Message History

The giant cockroach bites you. The adder bites you but does no damage.
You closely miss the adder.
The adder is almost dead.
The endoplasm hits you.
The giant cockroach bites you but does no damage.
The adder bites you but does no damage.
The endoplasm hits you but does no damage.
You barely miss the adder.
The adder is almost dead.
The giant cockroach closely misses you. The adder bites you but does no damage.
The giant cockroach barely misses you. The endoplasm freezes you.
You are frozen.
The adder bites you but does no damage.
You barely miss the adder.
The adder is almost dead.
The adder barely misses you. The giant cockroach bites you.
The endoplasm hits you. The adder bites you but does no damage.
You are too injured to fight recklessly!
You are too injured to fight recklessly!
You miss the adder.
The adder is almost dead.
The giant cockroach barely misses you. The endoplasm freezes you.
You are frozen.
The adder closely misses you.
The giant cockroach bites you but does no damage.
You closely miss the adder.
The adder is almost dead.
The adder bites you but does no damage.
The endoplasm hits you but does no damage.
The giant cockroach barely misses you. The adder bites you.
* * * LOW HITPOINT WARNING * * *
The endoplasm hits you.
* * * LOW HITPOINT WARNING * * *
You hit the adder.
You kill the adder!
The giant cockroach waves its antennae.
The giant cockroach bites you but does no damage.
The endoplasm freezes you.
You are frozen.
You die...

.........# ##.#######
#........###........#
#............[......#
#...###.............#
#...# +.............#
#...# #>............#
#...# #.............#
#.........####......#
....... +.J@...#
....... #.†B..##
....... #..)..#
..$.... #.[...#
...J... #....<#
....... #.....#
#.....# #?....#


You could see an endoplasm and a giant cockroach.

Vanquished Creatures
  An adder (D:2)
  2 ball pythons (D:1)
  A giant cockroach (D:2)
  A hobgoblin (D:2)
5 creatures vanquished.

Notes
Turn   | Place    | Note
-------+----------+-------------------------------------------
     0 | D:1      | Asceticacid the Coglin Gladiator began the quest for the
                  | Orb.
     0 | D:1      | Reached XP level 1. HP: 16/16 MP: 1/1
    52 | D:1      | You fall into a shaft and drop 1 floor!
   131 | D:2      | Frozen to death by an endoplasm

Illustrated notes

Levels and vault maps discovered:
D:1:      wheals_arrival_shading, layout_basic, ebering_ecumenical_altar_rust,
          minmay_statues_item
D:2:      layout_basic

Action                     || total
---------------------------++-------
  Melee: Flail             ||    27
 Armour: Chain mail        ||    27
         Leather armour    ||    12
  Dodge: Dodged            ||    24

Table legend: (Time is in decaauts)
 A = Elapsed time spent in this place.
 B = Non-inter-level travel time spent in this place.
 C = Inter-level travel time spent in this place.
 D = Time resting spent in this place.
 E = Time spent auto-exploring this place.
 F = Levels seen in this place.
 G = Mean time per level.
                   A        B        C        D        E       F      G
               +--------+--------+--------+--------+--------+-----+--------+
         Total |    137 |    137 |      0 |      0 |     55 |   2 |   68.5 |
       Dungeon |    137 |    137 |      0 |      0 |     55 |   2 |   68.5 |
               +--------+--------+--------+--------+--------+-----+--------+

Top non-repeatable levels by time:
     D:2: 84 daAuts
     D:1: 52 daAuts
